 Dungeon Crawl Stone Soup version 0.30-a0-723-gc1506a1cf0 (webtiles) character file.

Game seed: 8269130121644119268

1501 ASSMAN the Fighter (level 8, 0/85 HPs)
             Began as a Hill Orc Wanderer on Jan 29, 2023.
             Was a Follower of Beogh.
             Slain by a kobold brigand
             ... wielding a +2 short sword of holy wrath
              (4 damage)
             ... on level 5 of the Dungeon.
             The game lasted 00:10:57 (4736 turns).

ASSMAN the Fighter (Hill Orc Wanderer)              Turns: 4736, Time: 00:10:57

Health: 0/85       AC: 14    Str: 18    XL:     8   Next: 81%
Magic:  12/12      EV:  9    Int: 11    God:    Beogh [*.....]
Gold:   818        SH:  0    Dex: 10    Spells: 8/9 levels left

rFire   . . .      SeeInvis .    r - +2 flail (protect)
rCold   . . .      Faith    .    (no shield)
rNeg    . . .      Spirit   .    j - +0 scale mail
rPois   .          Reflect  .    (no helmet)
rElec   .          Harm     .    (no cloak)
rCorr   .          Rampage  .    (no gloves)
Will    .....                    A - +0 pair of boots Stlth
                                 (no amulet)
HPRegen 0.34/turn                (no ring)
MPRegen 0.13/turn                (no ring)

@: mighty, under a protective aura
A: no striking features
a: Renounce Religion


You were on level 5 of the Dungeon.
You worshipped Beogh.
Beogh was aware of your devotion.
You visited 1 branch of the dungeon, and saw 6 of its levels.
You also visited: Sewer.

You collected 818 gold pieces.

Inventory:

Hand Weapons
 i - a +1 flail of holy wrath
 n - a +1 heavy sling
 q - a +4 mace of pain
 r - a +2 flail of protection (weapon)
Missiles
 l - 4 javelins
Armour
 j - a +0 scale mail (worn)
 A - a +0 pair of boots (worn)
Magical Staves
 p - a staff of conjuration
Jewellery
 e - a ring of magical power
 s - a ring of wizardry
Wands
 b - a wand of flame (24)
 h - a wand of charming (8)
 o - a wand of polymorph (7)
Scrolls
 a - 2 scrolls of blinking
 d - a scroll of immolation {unknown}
 f - 5 scrolls of identify
 t - a scroll of poison {unknown}
 x - a scroll of torment {unknown}
 y - a scroll of teleportation
Potions
 k - a potion of resistance {unknown}
 m - a potion of cancellation
 v - a potion of attraction {unknown}
 w - 2 potions of haste {unknown}
 z - a potion of mutation {unknown}


   Skills:
 + Level 12.8 Fighting
 - Level 1.1 Maces & Flails
 - Level 1.0 Throwing
 - Level 1.0 Spellcasting
 - Level 2.0 Necromancy
 + Level 6.0 Invocations


You had 8 spell levels left.
You knew the following spells:

 Your Spells              Type           Power      Damage    Failure   Level
a - Necrotise             Necr           16%        1d4       43%         1

Your spell library contained the following spells:

 Spells                   Type           Power      Damage    Failure   Level
 Sublimation of Blood     Necr           4%         N/A       58%         2
 Cigotuvi's Dreadful Rot  Necr/Pois/Air  4%         N/A       78%         2
 Scorch                   Fire           0%         2d5       86%         2
 Vhi's Electric Charge    Tloc/Air       0%         N/A       97%         3
 Sticky Flame             Conj/Fire      0%         2d3       100%        4
 Arcjolt                  Conj/Air       0%         1d10      100%        5
 Maxwell's Capacitive Co  Air            0%         ∞         100%        8
 Fire Storm               Conj/Fire      0%         5d1       100%        9


Dungeon Overview and Level Annotations

Branches:
Dungeon (6/15)             Temple (0/1) D:4           Sewer (visited)

Altars:
Uskayaw

Shops:
D:2 ([*(=   D:3 *   D:4 (

Annotations:
D:5 3 runed translucent doors, GiantSquids's ghost, novice BaHu; Newt's ghost, novice KoHu; browni3141's ghost, novice TrBe; drugrobin's ghost, weakling DgDe


Message History

Something hits you.
* * * LOW HITPOINT WARNING * * *
The kobold hits you but does no damage.
The kobold brigand hits you but does no damage.
You climb upwards.
Level annotation: 3 runed translucent doors, GiantSquids's ghost, novice BaHu; Newt's ghost, novice KoHu; browni3141's ghost, novice TrBe; drugrobin's ghost, weakling DgDe Reactivating autopickup.
There is a stone staircase leading down here.
You feel very mighty all of a sudden.
You feel yourself speed up. The kobold hits you but does no damage.
The kobold brigand closely misses you.
You hear some strange, mumbled words.
A magic dart appears from out of thin air!
Deactivating autopickup; reactivate with Ctrl-A.
The magic dart hits you.
* * * LOW HITPOINT WARNING * * *
Something hits you but does no damage. The kobold hits you but does no damage.
The kobold brigand barely misses you.
You sock something!
Your weapon exudes an aura of protection.
You punch something. Beogh accepts your kill.
Reactivating autopickup.
You feel a bit more experienced.
The kobold brigand hits you with a +2 short sword of holy wrath.
* * * LOW HITPOINT WARNING * * *
The kobold closely misses you.
Your Invocations skill increases to level 6!
You thump the kobold brigand!
The kobold brigand is heavily wounded.
The kobold brigand hits you with a +2 short sword of holy wrath.
* * * LOW HITPOINT WARNING * * *
The kobold hits you but does no damage.
You barely miss the kobold.
The kobold brigand hits you but does no damage.
The kobold hits you but does no damage. x2
The kobold brigand hits you but does no damage.
You thump the kobold brigand!
The kobold brigand is severely wounded.
The kobold brigand hits you with a +2 short sword of holy wrath.
You die...

)W+..#####...# #.###..........#
.W+...###..######.....#......>.##
.W+.......## #.....#.#...####.#.
..#...###.#####.###.....#.# #...
..#...##..##....##......#.# ###.
8.#..........####.......### #.
###.###.....#####.#....## #.
..###.)........†KK.....# #.
#....).........)@####..# #.
....))##....#.#### #..# ##
.######...##..# #..###
###.......##.## #...<###
...(.##......# #......#
.###......#### #......# ##
####...# #......# # #...#
#......# # #...# ########


You could see a kobold brigand and a kobold.

Vanquished Creatures
  Grinder (D:4)
  Sigmund (D:4)
  An ice beast (D:5)
  A centaur (D:5)
  A phantom (D:6)
  2 bullfrogs (Sewer)
  3 scorpions (D:5)
  An orc priest (D:6)
  A jelly (D:5)
  A gnoll bouda (D:5)
  3 hounds
  2 iguanas
  Terence (D:3)
  Natasha (thrice) (D:4)
  An orc wizard (D:5)
  7 adders
  7 gnolls
  2 river rats (D:3)
  A white imp (D:5)
  An ufetubus (D:5)
  A worm (D:2)
  2 dart slugs
  5 orcs
  4 bats
  7 endoplasms
  11 giant cockroaches
  4 goblins
  4 hobgoblins
  4 jackals (D:1)
  8 kobolds
  7 quokkas
  17 ball pythons
  7 frilled lizards (Sewer)
  12 rats
134 creatures vanquished.

Vanquished Creatures (others)
  3 fungi (D:4)
  7 plants
10 creatures vanquished.

Grand Total: 144 creatures vanquished

Notes
Turn   | Place    | Note
-------+----------+-------------------------------------------
     0 | D:1      | ASSMAN the Hill Orc Wanderer began the quest for the Orb.
     0 | D:1      | ASSMAN set off with the following items: a +1 mace, a
                  | potion of might, a +0 leather armour; and the following
                  | spell memorised: Necrotise; and the following spells
                  | available to memorise: Sublimation of Blood, Cigotuvi's
                  | Dreadful Rot.
     0 | D:1      | Reached XP level 1. HP: 24/24 MP: 2/2
    97 | D:1      | Reached XP level 2. HP: 31/31 MP: 3/3
   191 | D:1      | You fall into a shaft and drop 1 floor!
   449 | D:1      | Reached XP level 3. HP: 38/38 MP: 4/4
   478 | D:1      | Reached skill level 7 in Fighting
   787 | D:2      | Found Rifeuczi's Weapon Shop.
  1032 | D:2      | Found Senicwimi's Jewellery Shop.
  1160 | D:2      | Found Luwow's General Store.
  1176 | D:2      | Found Bioll's Antique Weapon Boutique.
  1322 | D:2      | Found Haerch's Antique Armour Shop.
  1347 | D:2      | Reached XP level 4. HP: 46/47 MP: 5/5
  1387 | D:3      | Identified a scroll of acquirement
  1387 | D:3      | Acquired 569 gold pieces
  1390 | D:3      | Found a glowing drain.
  1423 | Sewer    | Entered a sewer
  1565 | Sewer    | Reached skill level 8 in Fighting
  1743 | Sewer    | Reached XP level 5. HP: 50/53 MP: 6/6
  1773 | Sewer    | Reached skill level 9 in Fighting
  1773 | Sewer    | Reached XP level 6. HP: 14/63 MP: 7/7
  2023 | D:3      | Noticed Terence
  2028 | D:3      | Killed Terence
  2137 | D:3      | Found a faded altar of an unknown god.
  2204 | D:3      | Became a worshipper of Beogh the Brigand
  2454 | D:3      | Got the Folio of Deathly Ashes
  2459 | D:3      | Found Vyopt's General Store.
  2606 | D:4      | Noticed Grinder
  2610 | D:4      | Paralysed by Grinder for 4 turns
  2621 | D:4      | Killed Grinder
  2622 | D:4      | Reached skill level 10 in Fighting
  2622 | D:4      | Reached XP level 7. HP: 73/73 MP: 8/8
  2728 | D:4      | Found Viuhain's Weapon Shoppe.
  2743 | D:4      | Noticed Natasha
  2752 | D:4      | Killed Natasha
  2766 | D:4      | Noticed Sigmund
  2768 | D:4      | Found a staircase to the Ecumenical Temple.
  2769 | D:4      | Noticed Natasha
  2770 | D:4      | Found a hide-covered altar of Uskayaw.
  2778 | D:4      | Killed Sigmund
  2779 | D:4      | Reached skill level 11 in Fighting
  2785 | D:4      | Killed Natasha
  3040 | D:4      | Noticed Natasha
  3047 | D:4      | Killed Natasha
  3639 | D:5      | Entered Level 5 of the Dungeon
  3639 | D:5      | Noticed Newt's ghost (novice KoHu)
  3639 | D:5      | Found a runed translucent gate.
  3639 | D:5      | Found a runed translucent gate.
  3639 | D:5      | Found a runed translucent gate.
  3640 | D:5      | Noticed drugrobin's ghost (weakling DgDe)
  3640 | D:5      | Noticed browni3141's ghost (novice TrBe)
  3640 | D:5      | Noticed GiantSquids's ghost (novice BaHu)
  3646 | D:5      | Reached skill level 1 in Invocations
  3687 | D:5      | Reached * piety under Beogh
  3688 | D:5      | Reached XP level 8. HP: 53/83 MP: 9/9
  3942 | D:5      | Reached skill level 12 in Fighting
  4682 | D:5      | Reached skill level 5 in Invocations
  4727 | D:6      | HP: 3/85 [kobold brigand/+2 short sword of holy wrath (6)]
  4733 | D:5      | HP: 4/85 [kobold brigand/+2 short sword of holy wrath (3)]
  4736 | D:5      | Slain by a kobold brigand

Illustrated notes

Levels and vault maps discovered:
D:1:      sevenhm_arrival_forest_fort_small_3, layout_loops_ring,
          serial_bayou_lagoon_a, st_stairs_3
D:2:      layout_rooms, serial_shops, shop, shop, shop, shop,
          nicolae_shop_hallway_stairs
D:3:      layout_rooms, shapermc_ecumenical_altar_pompeii, serial_shops, shop,
          portal_sewer_entry_a, uniq_terence
D:4:      layout_cave_pods, mainiacjoe_overflow_boulevard,
          minmay_temple_entry_gardened_gates, serial_shops, shop, uniq_grinder,
          uniq_sigmund, uniq_natasha
D:5:      layout_rooms, gammafunk_ghost_cemetery
D:6:      layout_rooms, uniq_blork_the_orc

Skill      XL: |  1  2  3  4  5  6  7  8 |
---------------+-------------------------+-----
Fighting       | 7 8 9 10 11 12 | 12.8
Invocations    | 2 6 |  6.0
Maces & Flails | |  1.1
Throwing       | |  1.0
Spellcasting   | |  1.0
Necromancy     | |  2.0

Action                     |  1- 3 |  4- 6 |  7- 9 || total
---------------------------+-------+-------+-------++-------
  Melee: Mace              |    11 |       |       ||    11
         Flail             |    89 |   153 |   178 ||   420
         Punch             |       |     2 |     3 ||     5
   Cast: Necrotise         |     1 |       |       ||     1
 Invoke: Convert to Beogh  |       |     1 |       ||     1
    Use: Scroll            |       |     7 |       ||     7
         Potion            |       |     4 |     4 ||     8
 Armour: Leather armour    |    28 |    48 |    71 ||   147
         Skin              |       |       |    40 ||    40
         Scale mail        |       |       |    70 ||    70
  Dodge: Dodged            |    81 |   116 |   163 ||   360

Table legend: (Time is in decaauts)
 A = Elapsed time spent in this place.
 B = Non-inter-level travel time spent in this place.
 C = Inter-level travel time spent in this place.
 D = Time resting spent in this place.
 E = Time spent auto-exploring this place.
 F = Levels seen in this place.
 G = Mean time per level.
                   A        B        C        D        E       F      G
               +--------+--------+--------+--------+--------+-----+--------+
         Total |   4942 |   4832 |    110 |    510 |   3193 |   7 |  706.0 |
       Dungeon |   4355 |   4245 |    110 |    301 |   3113 |   6 |  725.8 |
         Sewer |    587 |    587 |      0 |    209 |     80 |   1 |  587.0 |
               +--------+--------+--------+--------+--------+-----+--------+

Top non-repeatable levels by time:
     D:5: 1083 daAuts
     D:4: 1051 daAuts
     D:2: 769 daAuts
     D:1: 707 daAuts
     D:3: 677 daAuts
   Sewer: 587 daAuts
     D:6: 65 daAuts
